 Dungeon Crawl Stone Soup version 0.17-a0-2105-gad05798 (webtiles) character file.

91415 oryxwild the Unseen (level 15, -4/71 HPs)
             Began as a Spriggan Assassin on Oct 17, 2015.
             Was the Champion of Trog.
             Slain by a giant leech (9 damage)
             ... while paralysed by a hornet
             ... on level 1 of the Swamp on Oct 18, 2015.
             The game lasted 03:07:58 (30651 turns).

oryxwild the Unseen (Spriggan Assassin)            Turns: 30651, Time: 03:07:59

Health: -4/71      AC:  3    Str: 10    XL:     15   Next: 55%
Magic:  28/28      EV:  4    Int: 10    God:    Trog [******]
Gold:   897        SH:  0    Dex: 23    Spells: 0 memorised, 14 levels left

rFire  . . .     SeeInvis +     d - +3 falchion (elec)
rCold  . . .     Clarity  .     t - +2 robe {MR+}
rNeg   + + .     SustAt   .     A - +3 buckler
rPois  .         Gourm    .     (helmet restricted)
rElec  .         Spirit   .     e - +1 cloak {+Inv}
rCorr  .         Warding  .     (gloves unavailable)
rMut   .         Stasis   .     (boots unavailable)
MR     +++..                    M - amulet of faith
Stlth  ++++++++..               U - +4 ring of evasion
                                o - ring of Patience {+Blink rN++ AC-3 Str+3 Dex-2}

@: paralysed, lethally poisoned (-4 -> -45), slowed, very quick, extremely
resistant to hostile enchantments, extraordinarily stealthy
A: unfitting armour, see invisible, dopey 1, herbivore 3, speed 3, robust 1,
slow metabolism 2
a: Burn Spellbooks, Berserk, Trog's Hand, Brothers in Arms, Renounce Religion,
Evoke Blink, Evoke Invisibility


You were on level 1 of the Swamp.
You worshipped Trog.
Trog was exalted by your worship.
You were not hungry.

You visited 4 branches of the dungeon, and saw 26 of its levels.
You also visited: Labyrinth, Ossuary and Volcano.

You collected 3003 gold pieces.
You spent 2106 gold pieces at shops.

Inventory:

Hand Weapons
 a - a +1 dagger of draining
 b - a +0 blowgun
 d - a +3 falchion of electrocution (weapon)
Missiles
 f - 3 curare-tipped needles
 m - 677 stones (quivered)
 u - 9 needles of confusion
 P - 36 poisoned needles
 Q - 2 poisoned tomahawks
 W - a throwing net
 Y - 39 tomahawks
Armour
 e - a +1 cloak of invisibility (worn)
 t - a +2 robe of magic resistance (worn)
 A - a +3 buckler (worn)
Jewellery
 i - an uncursed ring of poison resistance
 o - the ring of Patience (left hand) {+Blink rN++ AC-3 Str+3 Dex-2}
   (You found it in a labyrinth)

   [ring of protection]

   It affects your AC (-3).
   It affects your strength (+3).
   It affects your dexterity (-2).
   It greatly protects you from negative energy.
   It lets you blink.
 x - the cursed necklace of Bloodlust {*Rage +Rage MR+ Str+2 Int-2 Slay+3 *Curse}
   (You bought it in a shop on level 4 of the Orcish Mines)

   [amulet of rage]

   It affects your strength (+2).
   It affects your intelligence (-2).
   It affects your accuracy and damage with ranged weapons and melee attacks
   (+3).
   It affects your resistance to hostile enchantments.
   It lets you go berserk.
   It may make you go berserk in combat.
   It may re-curse itself when equipped.
   It has a curse placed upon it.
 y - an uncursed amulet of resist mutation
 z - an uncursed amulet of regeneration
 C - an uncursed ring of stealth
 L - an uncursed ring of protection from fire
 M - an amulet of faith (around neck)
 U - a +4 ring of evasion (right hand)
Wands
 c - a wand of draining (5)
 k - a wand of random effects (22)
 l - a wand of slowing (13)
 p - a wand of paralysis (6)
 r - a wand of slowing (34)
 w - a wand of lightning (5)
 O - a wand of fire (2)
 R - a wand of disintegration (9)
 S - a wand of polymorph (6)
 T - a wand of fireball (2)
 X - a wand of digging (6)
 Z - a wand of confusion (12)
Scrolls
 h - 5 scrolls of teleportation
 n - a scroll of blinking
 B - 2 scrolls of enchant weapon
 F - 2 scrolls of acquirement
 H - 3 scrolls of recharging
Potions
 s - 13 potions of curing
 v - 2 potions of agility
 D - 3 potions of might {unknown}
 E - 2 potions of brilliance
 I - 4 potions of heal wounds
 J - 4 potions of cancellation
 K - a potion of flight
 N - a potion of invisibility
Books
 j - a book of the Earth

   Spells                             Type                      Level
   a - Leda's Liquefaction            Hexes/Earth                  4
   b - Bolt of Magma                  Conjuration/Fire/Earth       5
   c - Statue Form                    Transmutation/Earth          6
   d - Iron Shot                      Conjuration/Earth            6
   e - Shatter                        Earth                        9
   Trog disapproves of the use of such an item.
 G - a book of Transfigurations

   Spells                             Type                      Level
   a - Stoneskin                      Transmutation/Earth          2
   b - Irradiate                      Conjuration/Transmutation    5
   c - Statue Form                    Transmutation/Earth          6
   d - Hydra Form                     Transmutation                6
   e - Dragon Form                    Transmutation                7
   Trog disapproves of the use of such an item.
Miscellaneous
 V - a box of beasts
Comestibles
 g - 6 bread rations
 q - 2 fruits


   Skills:
 - Level 1.5 Fighting
 - Level 5.0(8.5) Short Blades
 - Level 8.1(8.5) Long Blades
 - Level 14.1 Throwing
 - Level 15.3 Dodging
 + Level 16.2 Stealth
 - Level 7.2 Shields
 + Level 16.0 Evocations


You had 14 spell levels left.
You didn't know any spells.

Dungeon Overview and Level Annotations

Branches:
Dungeon (13/15)              Lair (8/8) D:8           Swamp (1/4) Lair:6
  Snake (0/4) Lair:6        Slime (0/6) Lair:6          Orc (4/4) D:9
    Elf (0/3) Orc:4
 Temple: D:4-7       Vaults: D:13-14

Altars:
Ashenzari
Cheibriados
Elyvilon
Fedhas
Makhleb
Nemelex Xobeh
Okawaru
Ru
Trog
Xom
The Shining One
Beogh
Jiyva

Shops:
D:5 %   Orc:1 %   Orc:4 =:*:

Annotations:
D:7 Joseph; dinorawrasaur's ghost, novice CeHu


Innate Abilities, Weirdness & Mutations

You are tiny and cannot use many weapons and most armour.
You have supernaturally acute eyesight.
You are a herbivore.
You cover ground extremely quickly.
You need consume almost no food.
You are dopey. (Int -2)
You are robust (+10% HP).


Message History

The hornet completely misses you.
You hit the hornet but do no damage.
The hornet is severely wounded.
The hornet completely misses you.
You hit the hornet but do no damage.
There is a sudden explosion of sparks!
The hornet is almost dead.
The hornet stings you!!
You are poisoned.
You suddenly lose the ability to move!
The hornet stings you!!
* * * LOW HITPOINT WARNING * * *
You are lethally poisoned!
You feel yourself slow down.
* * * LOW HITPOINT WARNING * * *
You feel very sick. The hornet stings you!
* * * LOW HITPOINT WARNING * * *
You are more poisoned.
You feel as though you will be slow longer.
The giant leech bites you!
You die...

.....≈≈≈♣♣ .....≈≈♣♣
♣≈≈≈≈≈≈≈≈.. )≈≈.§♣♣♣
♣♣.≈≈.≈≈≈≈. . ≈≈.♣♣♣
♣♣♣...≈.≈≈≈≈♣≈≈
≈..♣♣♣♣♣♣♣..≈..≈≈≈≈≈...≈
≈.≈≈≈≈≈≈..>.....≈≈≈....≈
.....≈........≈..w≈.....
..§.♣§.≈≈≈..♣.≈≈y≈≈≈..♣♣
.......≈≈≈.≈♣.≈≈@w≈≈≈..♣
♣≈≈≈.≈≈≈≈.≈♣♣≈....≈≈≈...
.≈≈♣♣.†≈≈.♣♣..≈..≈≈≈≈≈≈♣
..........♣...♣♣.≈≈≈≈≈.♣
♣..≈≈...§.♣...♣♣♣...≈...
♣≈...≈≈.≈.≈...♣ ≈...≈.≈
♣.....♣.≈≈≈..♣≈≈≈..?.≈§.
≈..†≈≈≈≈≈≈≈.≈≈♣≈........
♣≈.≈≈≈≈≈≈.≈≈....≈≈.{...


You could see a giant leech, a hornet and a swamp worm.

Vanquished Creatures
  Nikola (Swamp:1)
  Kirke (D:13)
  Maud (D:12)
  A red draconian (Volcano)
  Snorg (D:11)
  A minotaur (Lab)
  Erolcha (Orc:1)
  9 hydras
  3 catoblepae
  11 death yaks
  The ghost of jestert79 the Martial Artist, a novice DgTm (D:10)
  2 tengu warriors (D:13)
  Urug (D:13)
  3 skeletal warriors (D:12)
  3 hill giants
  2 unseen horrors
  Pikel (D:5)
  A griffon (Lair:8)
  2 manticores (Lair:8)
  2 ugly things (D:13)
  5 orc knights
  11 black mambas
  2 cyclopes
  15 elephants
  The ghost of loblaw the Infuser, a novice DECj (D:8)
  A molten gargoyle (Volcano)
  A gargoyle (Volcano)
  14 spiny frogs
  5 fire drakes
  4 kobold demonologists (D:12)
  6 komodo dragons
  3 trolls
  A merfolk (D:11)
  A polar bear (Lair:4)
  A two-headed ogre (Volcano)
  3 slime creatures (D:13)
  23 blink frogs
  A boulder beetle (Lair:8)
  5 trapdoor spiders (Lab)
  A deep elf mage (D:9)
  A trapdoor spider zombie (D:12)
  34 yaks
  16 hippogriffs
  2 spriggans (Swamp:1)
  A deep elf fighter (Volcano)
  9 hungry ghosts
  2 wyverns
  A hog (D:13)
  8 basilisks
  10 wolves
  2 swamp worms (Swamp:1)
  4 vampire mosquitoes (Lair:6)
  7 wargs
  4 nagas
  3 sky beasts
  15 water moccasins
  A slave (D:5)
  14 porcupines
  36 orc warriors
  3 phantoms
  5 necrophages
  An eye of draining (D:12)
  A black bear (D:6)
  4 wasps
  22 centaurs
  5 ogres
  10 crocodiles
  A brain worm (Lair:8)
  17 giant frogs
  A gnoll sergeant (D:9)
  2 elf skeletons (D:8)
  4 scorpions
  A wyvern zombie (D:6)
  3 killer bees (D:10)
  2 troll skeletons (Lab)
  3 electric eels
  9 wights
  7 crimson imps
  4 lava snakes
  3 jellies
  A giant frog zombie (D:8)
  17 orc priests
  2 giant frog skeletons
  7 iguanas
  Natasha (twice) (D:4)
  4 centaur skeletons
  5 human skeletons (D:8)
  A killer bee zombie (D:6)
  9 hounds
  34 orc wizards
  A sheep (Lair:8)
  9 worker ants
  7 hell rats (Lair:5)
  2 big kobold zombies (Ossuary)
  2 ogre skeletons (Lab)
  A hound skeleton (D:6)
  10 mummies
  3 gnolls (D:9)
  41 river rats
  13 adders
  A shadow imp (D:9)
  2 oozes
  An adder zombie (D:8)
  3 adder skeletons
  3 worms
  4 giant geckos
  188 orcs
  2 ball pythons
  8 giant cockroaches
  A goblin (D:1)
  5 hobgoblins
  17 jackals
  6 kobolds
  5 quokkas
  5 bats
  A giant gecko skeleton (D:4)
  4 giant newts
  3 gnoll zombies (Ossuary)
  A hobgoblin zombie (Ossuary)
  An orc skeleton (D:8)
  5 orc zombies
  A quokka skeleton (D:6)
  4 rats
  2 fungi
874 creatures vanquished.

Vanquished Creatures (collateral kills)
  A catoblepas (Lair:6)
  A spiny frog (Lair:6)
  A wolf (Lair:6)
3 creatures vanquished.

Vanquished Creatures (others)
  An orc warrior (Orc:4)
  A sheep (Lair:8)
  45 fungi
  50 plants
97 creatures vanquished.

Grand Total: 974 creatures vanquished

Notes
Turn   | Place    | Note
--------------------------------------------------------------
     0 | D:1      | oryxwild the Spriggan Assassin began the quest for the Orb.
     0 | D:1      | Reached XP level 1. HP: 10/10 MP: 2/2
    67 | D:1      | Reached skill level 6 in Stealth
   132 | D:1      | Reached XP level 2. HP: 11/14 MP: 3/3
   164 | D:1      | Reached skill level 7 in Stealth
   593 | D:1      | Reached XP level 3. HP: 11/18 MP: 4/4
  1002 | D:2      | Reached skill level 8 in Stealth
  1264 | D:3      | Reached XP level 4. HP: 22/22 MP: 5/5
  1283 | D:3      | Noticed a scorpion
  1296 | D:3      | Killed a scorpion
  1348 | D:3      | Reached XP level 5. HP: 12/25 MP: 6/6
  1755 | D:3      | Found a shimmering altar of Xom.
  2088 | D:3      | Reached skill level 5 in Dodging
  2138 | D:3      | Reached XP level 6. HP: 26/30 MP: 7/7
  2502 | D:4      | Reached skill level 5 in Short Blades
  2789 | D:4      | Noticed Natasha
  2810 | D:4      | Killed Natasha
  2846 | D:4      | Reached XP level 7. HP: 33/33 MP: 8/8
  2948 | D:4      | Found a sacrificial altar of Ru.
  3215 | D:4      | Noticed Natasha
  3224 | D:4      | Killed Natasha
  3362 | D:5      | Entered Level 5 of the Dungeon
  3362 | D:5      | Found a bloodstained altar of Trog.
  3385 | D:5      | Became a worshipper of Trog the Wrathful
  3591 | D:5      | Noticed Pikel
  3646 | D:5      | Killed Pikel
  3646 | D:5      | Reached skill level 9 in Dodging
  3646 | D:5      | Reached XP level 8. HP: 29/37 MP: 9/9
  3714 | D:5      | Reached skill level 5 in Throwing
  3889 | D:5      | Found Qooru's Food Shop.
  4100 | D:5      | Found a blossoming altar of Fedhas.
  4290 | D:6      | Reached skill level 10 in Dodging
  4334 | D:6      | Reached * piety under Trog
  4920 | D:6      | Reached skill level 10 in Stealth
  4920 | D:6      | Reached XP level 9. HP: 28/41 MP: 10/10
  5045 | D:6      | Reached ** piety under Trog
  5187 | D:7      | Found a burning altar of Makhleb.
  5208 | D:7      | Found an iron altar of Okawaru.
  5363 | D:7      | Noticed Joseph
  5433 | D:7      | Noticed dinorawrasaur's ghost (novice CeHu)
  5452 | D:8      | Found a snail-covered altar of Cheibriados.
  5465 | D:8      | Reached skill level 1 in Long Blades
  5535 | D:8      | Found a sparkling altar of Nemelex Xobeh.
  5623 | D:8      | Reached skill level 11 in Stealth
  5648 | D:8      | Found a sand-covered staircase.
  5653 | Ossuary  | Entered an ossuary
  6355 | D:8      | Noticed loblaw's ghost (novice DECj)
  6356 | D:8      | Found a staircase to the Lair.
  6517 | D:9      | Identified 2 scrolls of acquirement
  6526 | D:9      | Found a shattered altar of Ashenzari.
  6617 | D:9      | Reached skill level 12 in Stealth
  7323 | D:9      | Reached skill level 13 in Stealth
  7323 | D:9      | Reached XP level 10. HP: 46/46 MP: 11/11
  7382 | D:9      | Reached *** piety under Trog
  7431 | D:9      | Found a staircase to the Orcish Mines.
  7678 | Lair:1   | Entered Level 1 of the Lair of Beasts
  7736 | Lair:1   | Noticed an eight-headed hydra
  7741 | Lair:1   | Killed an eight-headed hydra
  7741 | Lair:1   | Reached skill level 5 in Long Blades
  7839 | Lair:1   | Found a labyrinth entrance.
  7848 | Lab      | Entered a labyrinth
  7904 | Lab      | Received a gift from Trog
  7904 | Lab      | Reached skill level 14 in Stealth
  8441 | Lab      | Noticed an unseen horror
  8713 | Lab      | Killed an unseen horror
  8857 | Lab      | Reached skill level 15 in Stealth
  9029 | Lab      | Found an exit through the horrors of the Abyss.
  9121 | Lab      | Found an exit through the horrors of the Abyss.
  9143 | Lab      | Found an exit through the horrors of the Abyss.
  9497 | Lab      | Found an exit through the horrors of the Abyss.
  9828 | Lab      | Noticed Doesnt's ghost (journeyman HECj)
  9970 | Lab      | Got a scorched jade ring
  9984 | Lab      | Reached XP level 11. HP: 49/49 MP: 12/12
 10160 | Lab      | Noticed a minotaur
 10179 | Lab      | Identified the cursed ring of Patience {+Blink rN++ AC-3 Str+3 Dex-2} (You found it in a labyrinth)
 10203 | Lab      | Killed a minotaur
 10203 | Lab      | Reached skill level 16 in Stealth
 10649 | Lair:1   | Reached skill level 1 in Evocations
 10852 | Lair:1   | HP: 2/49 [electric eel/bolt of electricity (8)]
 11061 | Lair:2   | Received a gift from Trog
 11085 | Lair:2   | You fall through a shaft!
 11247 | Lair:3   | HP: 1/49 [spiny frog (25)]
 11320 | Lair:3   | Received a gift from Trog
 11480 | Lair:3   | Reached skill level 5 in Evocations
 12182 | Lair:3   | Noticed a death yak
 12223 | Lair:3   | Noticed a death yak
 12297 | Lair:3   | Killed a death yak
 12367 | Lair:3   | Noticed a death yak
 12368 | Lair:3   | Noticed a death yak
 12370 | Lair:3   | Noticed a death yak
 12411 | Lair:3   | Killed a death yak
 12420 | Lair:3   | Killed a death yak
 12424 | Lair:3   | Killed a death yak
 12424 | Lair:3   | Reached XP level 12. HP: 35/53 MP: 16/19
 12435 | Lair:3   | Killed a death yak
 12849 | Lair:3   | Reached **** piety under Trog
 13150 | Lair:4   | Gained mutation: You are robust (+10% HP). [potion of beneficial mutation]
 13203 | Lair:4   | Reached skill level 10 in Evocations
 13387 | Lair:4   | Reached skill level 10 in Throwing
 14123 | Lair:5   | Noticed a seven-headed hydra
 14333 | Lair:5   | Received a gift from Trog
 14621 | Lair:5   | Upgraded the game from 0.17-a0-2098-gf59d6bc to 0.17-a0-2105-gad05798
 14835 | Lair:5   | Noticed a seven-headed hydra
 14854 | Lair:5   | Killed a seven-headed hydra
 14885 | Lair:5   | Killed a seven-headed hydra
 15161 | Lair:5   | Noticed a catoblepas
 15184 | Lair:5   | Killed a catoblepas
 15196 | Lair:5   | Reached XP level 13. HP: 43/62 MP: 23/23
 15586 | Lair:6   | Found a white marble altar of Elyvilon.
 15606 | Lair:6   | Found a staircase to the Swamp.
 15763 | Lair:6   | Found a viscous altar of Jiyva.
 15764 | Lair:6   | Found a staircase to the Slime Pits.
 15858 | Lair:6   | Reached ***** piety under Trog
 16106 | Lair:6   | HP: 1/62 [catoblepas (14)]
 16188 | Lair:6   | Gained mutation: You are dopey. (Int -2) [mutagenic glow]
 16589 | Lair:6   | Found a staircase to the Snake Pit.
 17417 | Lair:7   | Reached skill level 1 in Shields
 17992 | Lair:8   | Entered Level 8 of the Lair of Beasts
 18775 | Lair:8   | Received a gift from Trog
 19118 | Lair:8   | Reached XP level 14. HP: 67/67 MP: 19/24
 20707 | Lair:2   | Reached skill level 5 in Shields
 20717 | Lair:2   | Noticed a five-headed hydra
 20729 | Lair:2   | Noticed an eight-headed hydra
 20731 | Lair:2   | Killed a five-headed hydra
 20745 | Lair:2   | Killed an eight-headed hydra
 21124 | Lair:2   | Found a glowing golden altar of the Shining One.
 21881 | D:8      | Killed loblaw's ghost
 22360 | D:10     | Entered Level 10 of the Dungeon
 22560 | D:10     | Reached ****** piety under Trog
 22804 | D:10     | Noticed jestert79's ghost (novice DgTm)
 22821 | D:10     | Killed jestert79's ghost
 23328 | D:11     | Found a white marble altar of Elyvilon.
 23507 | D:11     | Noticed Snorg
 23518 | D:11     | Killed Snorg
 24023 | D:12     | Reached skill level 15 in Dodging
 24029 | D:12     | Received a gift from Trog
 24093 | D:12     | Noticed Maud
 24102 | D:12     | Killed Maud
 24168 | D:12     | Received a gift from Trog
 25099 | Orc:1    | Entered Level 1 of the Orcish Mines
 25674 | Orc:3    | Received a gift from Trog
 25754 | Orc:3    | Found a roughly hewn altar of Beogh.
 25767 | Orc:3    | Found a dark tunnel.
 25777 | Volcano  | Entered a volcano
 25840 | Volcano  | Found a burning altar of Makhleb.
 25884 | Volcano  | Reached XP level 15. HP: 71/71 MP: 25/25
 26728 | Orc:1    | Found Saclelav's Food Emporium.
 26736 | Orc:1    | Bought 3 fruits for 63 gold pieces
 26736 | Orc:1    | Bought a bread ration for 70 gold pieces
 26736 | Orc:1    | Bought a bread ration for 70 gold pieces
 26736 | Orc:1    | Bought a royal jelly for 28 gold pieces
 26736 | Orc:1    | Bought a bread ration for 70 gold pieces
 27036 | Orc:1    | Noticed Erolcha
 27039 | Orc:1    | Killed Erolcha
 27098 | Orc:1    | Received a gift from Trog
 27185 | Orc:1    | Got a faintly glowing rapier {god gift}
 27186 | Orc:1    | Identified the +6 rapier of Patience {venom, rElec MR+ Dex+3} (Trog gifted it to you on level 1 of the Orcish Mines)
 27429 | Orc:4    | Entered Level 4 of the Orcish Mines
 27429 | Orc:4    | Found a staircase to the Elven Halls.
 27765 | Orc:4    | Found Xyaden's Book Shop.
 27765 | Orc:4    | Found Qoppihime's Assorted Antiques.
 27773 | Orc:4    | Found Ymnufoc's Book Emporium.
 27788 | Orc:4    | Found Mahuxikh's Jewellery Boutique.
 27813 | Orc:4    | Received a gift from Trog
 27961 | Orc:4    | Bought the cursed necklace of Bloodlust {*Rage +Rage MR+ Str+2 Int-2 Slay+3 *Curse} for 961 gold pieces
 27968 | Orc:4    | Bought an uncursed amulet of faith for 640 gold pieces
 27980 | Orc:4    | Bought a knobbly moonstone ring for 115 gold pieces
 28002 | Orc:4    | Bought a dark potion for 20 gold pieces
 28002 | Orc:4    | Bought a potion of curing for 69 gold pieces
 28202 | Orc:4    | Received a gift from Trog
 29289 | D:12     | Got an ivory long sword {god gift}
 29296 | D:12     | Identified the +1 long sword "Hechacess" {freeze, rF+} (Trog gifted it to you on level 12 of the Dungeon)
 29642 | D:13     | Noticed Kirke
 29683 | D:13     | Killed Kirke
 29739 | D:13     | Reached skill level 15 in Evocations
 29768 | D:13     | Noticed Urug
 29770 | D:13     | Killed Urug
 30210 | Lair:1   | Received a gift from Trog
 30397 | Swamp:1  | Entered Level 1 of the Swamp
 30482 | Swamp:1  | Noticed Nikola
 30499 | Swamp:1  | Killed Nikola
 30650 | Swamp:1  | Paralysed by a hornet for 4 turns
 30651 | Swamp:1  | Slain by a giant leech

Vault maps used:
D:1:      dpeg_arrival_simpleton_c
D:2:      uniq_sigmund
D:3:      led_xom_imps, first_bread
D:4:      hangedman_ru_absence, uniq_natasha
D:5:      bloody_trog, kennysheep_mini, serial_shops, shop, uniq_pikel
D:7:      nicolae_overflow_crystal_walls, lemuel_doored_altar, elyvilon_altar_4,
          old_standard_altar, lemuel_temple_firewalk_marked, uniq_joseph
D:8:      lemuel_crystal_altar, dpeg_oklobed_lair, serial_undead,
          serial_undead_c, serial_undead_d, serial_undead_e, serial_undead_f,
          basic_altar, nicolae_ossuary_entry_catacombs
D:9:      nicolae_ashenzari_panopticon, david_orc_4
D:11:     hangedman_stone_soup, lemuel_tele_altar, uniq_snorg
D:12:     uniq_maud
D:13:     fungi_pond_lemuel, minivault_24, uniq_kirke, uniq_urug
Lair:1:   serial_bayou, serial_bayou_shore_a, serial_bayou_pond_b,
          serial_bayou_pond_e, serial_bayou_pond_c, lab_entry_generic
Lair:2:   fungi_pond_lemuel, lemuel_centaur_altar
Lair:3:   grunt_megastairs_2
Lair:4:   roderic_lost_polar_bear, infiniplex_staircase_pool_2,
          lemuel_fruit_fields
Lair:5:   beast_lair_carwin_large_1
Lair:6:   minmay_swamp_entry_swarm, minmay_snake_entry_guardpost_small,
          dpeg_slime_entry_enclosed_altar, basic_altar
Lair:8:   hangedman_lair_in_review, wormcave
Swamp:1:  serial_swamp_ruin, hangedman_swamp_ruin_hall,
          evilmike_swamp_ruin_house_1, evilmike_swamp_ruin_rubble_1, uniq_nikola
Orc:1:    serial_shops, shop, uniq_erolcha
Orc:3:    basic_altar, enter_volcano_3, nicolae_orc_pool_cavern,
          nicolae_orc_tapped_out
Orc:4:    st_orc_rangers, nicolae_orc_crystal_geode
Lab:      labyrinth_watery, labyrinth_lava_lair, nicolae_lab_hexagon, lab_hedge,
          nicolae_lab_plus, nicolae_lab_garden, nicolae_lab_checkerboard,
          nicolae_lab_swirl, nicolae_lab_grate_2, nicolae_lab_lava,
          nicolae_lab_flowing_pool
Ossuary:  ossuary_tomb_3
Volcano:  volcano_lake

Action                   |  1- 3 |  4- 6 |  7- 9 | 10-12 | 13-15 || total
-------------------------+-------+-------+-------+-------+-------++-------
Melee: Dagger            |    81 |    44 |    96 |   193 |   390 ||   804
       Falchion          |       |    69 |   196 |   310 |  1286 ||  1861
       Whip              |       |       |    16 |       |       ||    16
       Quick blade       |       |       |       |    42 |       ||    42
       Blowgun           |       |       |       |     1 |       ||     1
       Rapier            |       |       |       |       |    19 ||    19
 Fire: Blowgun           |     3 |    14 |    89 |    75 |   136 ||   317
Throw: Stone             |       |       |   112 |    74 |   203 ||   389
       Tomahawk          |       |       |     5 |       |       ||     5
Invok: Berserk           |       |       |     1 |     4 |     3 ||     8
       Burn Spellbooks   |       |       |       |     2 |     5 ||     7
       Trog's Hand       |       |       |       |       |     9 ||     9
       Brothers in Arms  |       |       |       |       |     2 ||     2
 Abil: Evoke Invisibilit |       |       |       |     4 |     8 ||    12
       Evoke Blink       |       |       |       |       |     4 ||     4
Evoke: Wand              |       |       |    10 |    79 |   108 ||   197
  Use: Scroll            |       |       |    14 |    29 |    15 ||    58
       Potion            |       |       |     1 |     7 |     4 ||    12
 Stab: Sleeping          |    18 |    12 |    49 |    42 |   109 ||   230
       Distracted        |       |     2 |     2 |     3 |     7 ||    14
       Paralysed         |       |       |     3 |     3 |     3 ||     9
       Invisible         |       |       |       |    27 |    67 ||    94
       Confused          |       |       |       |    16 |    25 ||    41
       Petrifying        |       |       |       |       |     1 ||     1
       Petrified         |       |       |       |       |     1 ||     1
  Eat: Bread ration      |       |       |     1 |     3 |     2 ||     6
       Fruit             |       |       |       |     2 |     9 ||    11
       Pizza             |       |       |       |     2 |     1 ||     3
       Royal jelly       |       |       |       |       |     4 ||     4
